 Dungeon Crawl Stone Soup version 0.27-a0-836-gfc908b8576 (webtiles) character file.

Game seed: 9783916598466792869

289 gruber the Cutter (level 6, -5/40 HPs)
             Began as a Djinni Ice Elementalist on Apr 2, 2021.
             Slain by a killer bee (6 damage)
             ... on level 4 of the Dungeon.
             The game lasted 00:06:18 (2983 turns).

gruber the Cutter (Djinni Ice Elementalist)         Turns: 2983, Time: 00:06:19

Health: -5/40      AC:  3    Str:  7    XL:     6   Next: 31%
Gold:   154        EV: 11    Int: 18    God:
                   SH:  0    Dex: 14

rFire    + . .     SeeInvis .   b - +2 rapier (distort)
rCold    . . .     Faith    .   (no shield)
rNeg     . . .     Spirit   .   n - +0 leather armour
rPois    ∞         Reflect  .   (no helmet)
rElec    .         Harm     .   (no cloak)
rCorr    .         Rampage  .   (no gloves)
Will     .....                  (boots unavailable)
Stlth    ++........             (no amulet)
HPRegen  0.13/turn              o - ring of ice
MPRegen  0.00/turn              (no ring)

@: flying
A: fire resistance 2, cold vulnerability 1, float, innate caster, hp casting,
extra vitality 1
a: no special abilities


You were on level 4 of the Dungeon.
You visited 1 branch of the dungeon, and saw 4 of its levels.

You collected 154 gold pieces.

Inventory:

Hand Weapons
 b - a +2 rapier of distortion (weapon)
 g - a +2 dagger of speed
Armour
 n - a +0 leather armour (worn)
Jewellery
 o - a ring of ice (left hand)
Scrolls
 a - a scroll of amnesia {unknown}
 d - 2 scrolls of enchant armour {unknown}
 e - 2 scrolls of teleportation {unknown}
 f - 2 scrolls of identify {unknown}
 k - a scroll of blinking {unknown}
Potions
 c - 3 potions of curing {unknown}
 h - a potion of degeneration {unknown}
 i - a potion of attraction {unknown}
 j - a potion of heal wounds {unknown}
 l - a potion of magic {unknown}
 m - a potion of flight {unknown}


   Skills:
 + Level 4.9 Short Blades
 - Level 2.1 Dodging
 - Level 1.5 Stealth
 - Level 4.2 Spellcasting


You couldn't memorise any spells.
You knew the following spells:

 Your Spells              Type           Power      Damage    Failure   Level
a - Freeze                Ice            100%       1d11      3%          1
b - Frozen Ramparts       Ice            56%        1d7       11%         3
c - Ozocubu's Armour      Ice            28%        N/A       11%         3
d - Hailstorm             Conj/Ice       28%        3d8       36%         4
e - Summon Ice Beast      Ice/Summ       28%        N/A       36%         4
f - Foxfire               Conj/Fire      76%        2x1d7     3%          1
g - Blink                 Tloc           N/A        N/A       5%          2
Your spell library was empty.

Dungeon Overview and Level Annotations

Branches:
Dungeon (4/15)
 Temple: D:4-7

Altars:

Shops:
D:1 [((


Innate Abilities, Weirdness & Mutations

You are immune to poison.
Your flesh is very heat resistant. (rF++)
You are vulnerable to cold. (rC-)
You float through the air rather than walking.
You learn spells naturally, not from books.
Your magical power is your life essence.
You have superior vitality. (+4 HP)


Message History

No target in view!
Found a club.
No target in view!
Key pressed, stopping explore.
No target in view!
Key pressed, stopping explore.
No target in view!
No target in view!
Found a stone staircase leading down.
No target in view!
A killer bee comes into view.
A killer bee is nearby!
A killer bee comes into view.
The killer bee buzzes angrily.
You hear an angry buzzing noise.
A killer bee comes into view.
There are monsters nearby! 2 killer bees and a hobgoblin come into view.
The killer bee buzzes angrily. x2
Found a stone staircase leading down.
There are monsters nearby!
The killer bee barely misses you.
The killer bee stings you but does no damage.
The killer bee closely misses you.
Found a plate armour.
You barely miss the killer bee. The killer bee stings you. x2
The killer bee completely misses you. The killer bee stings you.
The killer bee misses you. The killer bee closely misses you.
The killer bee stings you. The killer bee barely misses you.
The killer bee stings you. The killer bee stings you.
The killer bee stings you but does no damage.
The killer bee stings you! The killer bee stings you.
* * * LOW HITPOINT WARNING * * *
The killer bee stings you!
* * * LOW HITPOINT WARNING * * *
The killer bee stings you.
* * * LOW HITPOINT WARNING * * *
The killer bee stings you.
You die...

########### ########
#.........###
###..yy@.###.........#..
#..g..yy................
######'#...y..###.........#..
..............# #.........###
[.......####### #.........#
........# ##.######.###
........# #.#.........
###....## ### #.#.......).
#...> ..# #.#...).....


You could see 5 killer bees and a hobgoblin.

Vanquished Creatures
  A phantom (D:3)
  An orc priest (D:4)
  An iguana (D:4)
  7 adders
  2 adder skeletons (D:4)
  A worm (D:2)
  2 dart slugs
  7 orcs (D:4)
  6 endoplasms
  4 giant cockroaches
  8 goblins
  5 hobgoblins
  A jackal (D:2)
  A quokka (D:2)
  7 ball pythons
  8 bats
  2 frilled lizards (D:1)
  8 kobolds
  3 rats (D:1)
75 creatures vanquished.

Notes
Turn   | Place    | Note
-------+----------+-------------------------------------------
     0 | D:1      | gruber the Djinni Ice Elementalist began the quest for the
                  | Orb.
     0 | D:1      | Reached XP level 1. HP: 15/15 MP: 0/0
   257 | D:1      | Reached XP level 2. HP: 21/21 MP: 0/0
   437 | D:1      | Found Revy's Antique Weapon Boutique.
   453 | D:1      | Found Fuaxzirph's Antique Weapon Shoppe.
   757 | D:1      | Found Muggane's Armour Boutique.
   785 | D:1      | Reached XP level 3. HP: 24/25 MP: 0/0
   785 | D:1      | Learned a level 1 spell: Foxfire
  1004 | D:2      | Reached skill level 1 in Short Blades
  1271 | D:2      | Reached XP level 4. HP: 27/31 MP: 0/0
  1971 | D:3      | Noticed a phantom
  1975 | D:3      | Killed a phantom
  1976 | D:3      | Reached XP level 5. HP: 35/35 MP: 0/0
  1976 | D:3      | Learned a level 2 spell: Blink
  2379 | D:4      | Reached XP level 6. HP: 24/40 MP: 0/0
  2983 | D:4      | HP: 1/40 [killer bee (4)]
  2983 | D:4      | Slain by a killer bee

Illustrated notes

Levels and vault maps discovered:
D:1:      dpeg_arrival_shelter, layout_basic, serial_shops,
          nicolae_shop_statue_plus, shop_statue, nicolae_shop_behind_doors
D:2:      layout_rooms, minmay_puff
D:3:      layout_rooms
D:4:      kennysheep_big_flooded_room, layout_basic,
          nicolae_ru_the_path_less_chosen

Skill      XL: |  1  2  3  4  5 |
---------------+----------------+-----
Spellcasting   | 4 |  4.2
Short Blades   | 2 3 4 |  4.9
Dodging        | |  2.1
Stealth        | |  1.5

Action                   |  1- 3 |  4- 6 || total
-------------------------+-------+-------++-------
Melee: Rapier            |    58 |    76 ||   134
       Unarmed           |     1 |       ||     1
 Cast: Freeze            |     3 |       ||     3
 Stab: Sleeping          |     4 |     3 ||     7
Armor: Robe              |    20 |    10 ||    30
       Leather armour    |       |     6 ||     6
Dodge: Dodged            |    42 |    61 ||   103

Table legend: (Time is in decaauts)
 A = Elapsed time spent in this place.
 B = Non-inter-level travel time spent in this place.
 C = Inter-level travel time spent in this place.
 D = Time resting spent in this place.
 E = Time spent auto-exploring this place.
 F = Levels seen in this place.
 G = Mean time per level.
                   A        B        C        D        E       F      G
               +--------+--------+--------+--------+--------+-----+--------+
         Total |   2991 |   2860 |    131 |      0 |   2425 |   4 |  747.8 |
       Dungeon |   2991 |   2860 |    131 |      0 |   2425 |   4 |  747.8 |
               +--------+--------+--------+--------+--------+-----+--------+

Top non-repeatable levels by time:
     D:1: 995 daAuts
     D:2: 986 daAuts
     D:4: 609 daAuts
     D:3: 400 daAuts
